 Dungeon Crawl Stone Soup version 0.32-a0-391-gce5c0aab1b (webtiles) character file.

Game seed: 12733886399175668126

2146 Sobieck the Skirmisher (level 9, -3/61 HPs)
             Began as a Coglin Hunter on Feb 19, 2024.
             Was an Initiate of Gozag.
             Slain by an orc warrior
             ... wielding a +0 dire flail
              (14 damage)
             ... on level 7 of the Dungeon.
             The game lasted 00:08:28 (5572 turns).

Sobieck the Skirmisher (Coglin Hunter)              Turns: 5572, Time: 00:08:29

Health: -3/61      AC:  8    Str: 11    XL:     9   Next: 31%
Magic:  9/9        EV: 12    Int:  9    God:    Gozag
Gold:   859        SH:  0    Dex: 22    Spells: 8/8 levels left

rFire   . . .        i - +0 sling {Ishleen}
rCold   . . .        p - +0 sling {Kendra}
rNeg    . . .        c - +0 leather armour
rPois   .            h - +0 helmet
rElec   .            l - +1 cloak
rCorr   .            f - +0 pair of gloves
SInv    .            g - +0 pair of boots
Will    .....        (no amulet)
Stlth   ++           (no ring)
HPRegen 0.30/turn    (no ring)
MPRegen 0.11/turn

%: no passive effects
@: gold aura, revved, stiff-legged, very slow
A: off-hand wielding, slow wielding, warmup strikes, warmup strides
a: Renounce Religion, Potion Petition, Call Merchant, Bribe Branch


You were on level 7 of the Dungeon.
You worshipped Gozag.
Gozag was pleased with you.
You visited 1 branch of the dungeon, and saw 7 of its levels.

You collected 907 gold pieces.
You paid 48 gold pieces to Gozag.

Inventory:

Hand Weapons
 a - a +0 shortbow {LucĂ­a}
 i - a +0 sling (weapon) {Ishleen}
 p - a +0 sling (worn) {Kendra}
 v - the +0 short sword of Locus Delicti {venom, *Slow rElec Will+ Dex+4}
   (You found it on level 6 of the Dungeon)

   Dex+4:     It affects your dexterity (+4).
   rElec:     It insulates you from electricity.
   Will+:     It increases your willpower.
   *Slow:     It may slow you when you take damage.
Missiles
 k - 4 poisoned darts
 J - 3 atropa-tipped darts
 Z - 3 throwing nets
Armour
 c - a +0 leather armour (worn)
 f - a +0 pair of gloves (worn)
 g - a +0 pair of boots (worn)
 h - a +0 helmet (worn)
 l - a +1 cloak (worn)
Magical Staves
 j - a staff of death
Jewellery
 r - a +4 ring of protection
Wands
 V - a wand of flame (21)
Scrolls
 b - a scroll of butterflies
 T - 2 scrolls of teleportation
Potions
 d - 2 potions of enlightenment
 e - a potion of curing {unknown}
 m - a potion of magic
 n - 2 potions of haste {unknown}
 o - a potion of might {unknown}
 q - 3 potions of attraction
 s - a potion of mutation {unknown}
 u - a potion of brilliance {unknown}


   Skills:
 - Level 2.0 Fighting
 * Level 11.6 Ranged Weapons
 - Level 1.7 Dodging
 - Level 0.7 Stealth


You had 8 spell levels left.
You didn't know any spells.
Your spell library contained the following spells:

 Spells                   Type           Power      Damage    Failure   Level
 Tukima's Dance           Hex            0%         N/A       85%         3
 Passage of Golubria      Tloc           0%         N/A       99%         4
 Yara's Violent Unravell  Hex/Alch       0%         3d3       100%        5


Dungeon Overview and Level Annotations

Branches:
Dungeon (7/15)             Temple (0/1) D:5

Altars:
Ashenzari
Dithmenos
Gozag
Kikubaaqudgha
Nemelex Xobeh
Okawaru

Annotations:
D:7 5 runed translucent doors


Innate Abilities, Weirdness & Mutations

You can wield a second weapon in your off-hand.
It takes a long time for you to wield or remove held weapons.
Your first few attacks do less damage.
Your first movements take longer.


Message History

The sling bullet hits the orc warrior but does no damage.
The orc warrior is heavily wounded.
The orc barely misses you.
The orc warrior hits you with a +0 dire flail!
You shoot a sling bullet.
The sling bullet hits the orc warrior but does no damage.
The orc warrior is heavily wounded.
You shoot a sling bullet.
The sling bullet hits the orc warrior but does no damage.
The orc warrior is heavily wounded.
The orc warrior hits you with a +0 dire flail.
The orc barely misses you.
You shoot a sling bullet.
The sling bullet barely misses the orc warrior.
You shoot a sling bullet.
The sling bullet barely misses the orc warrior.
You shoot a sling bullet. The sling bullet hits the orc warrior.
The orc warrior is severely wounded.
You shoot a sling bullet.
The sling bullet hits the orc warrior but does no damage.
The orc warrior is severely wounded.
The orc completely misses you.
The orc warrior hits you with a +0 dire flail!
You shoot a sling bullet.
The sling bullet barely misses the orc warrior.
You shoot a sling bullet. The sling bullet hits the orc warrior.
The orc warrior is severely wounded.
The orc closely misses you.
The orc warrior hits you with a +0 dire flail!
* * * LOW HITPOINT WARNING * * *
You are too injured to fight recklessly!
You are too injured to fight recklessly!
You are too injured to fight recklessly!
Unknown command.
You shoot a sling bullet. The sling bullet hits the orc.
The orc is lightly wounded.
You shoot a sling bullet. The sling bullet hits the orc.
The orc is almost dead.
The orc warrior hits you with a +0 dire flail!
* * * LOW HITPOINT WARNING * * *
The orc hits you with a +0 falchion.
* * * LOW HITPOINT WARNING * * *
Unknown command.
You shoot a sling bullet.
The sling bullet closely misses the orc.
You shoot a sling bullet. The sling bullet hits the orc.
You kill the orc!
The orc warrior hits you with a +0 dire flail!
You die...
Your body crumbles into a pile of gold.

#..######..#...#
##.............#
#.....#######...
#########.#...#
#.##
...........#.##
#...
###........#.#
###
...........#.#
#.#.....####..
#....@# ###
#...#..o$...#
..##.....##....
# #.....# #.
#.....# #.....#
#.....# ##.....


You could see an orc warrior.

Vanquished Creatures
  Eustachio (D:6)
  A steam dragon (D:6)
  A black bear (D:6)
  An ice beast (D:6)
  2 ogres
  3 phantoms
  Blork the orc (D:6)
  A scorpion (D:7)
  3 wights (D:6)
  A howler monkey (D:5)
  2 hounds
  A jelly (D:6)
  2 gnoll boudas (D:6)
  7 orc priests
  A sleepcap (D:5)
  3 iguanas
  4 orc wizards
  18 gnolls
  An adder (D:4)
  2 white imps
  2 ufetubi (D:6)
  3 dart slugs
  15 orcs
  6 endoplasms
  7 giant cockroaches
  8 goblins
  8 hobgoblins
  11 jackals
  6 kobolds
  8 ball pythons
  8 bats
  4 frilled lizards
  4 rats
  A butterfly (D:5)
147 creatures vanquished.

Vanquished Creatures (others)
  2 orcs (D:4)
2 creatures vanquished.

Grand Total: 149 creatures vanquished

Notes
Turn   | Place    | Note
-------+----------+-------------------------------------------
     0 | D:1      | Sobieck the Coglin Hunter began the quest for the Orb.
     0 | D:1      | Reached XP level 1. HP: 16/16 MP: 1/1
    14 | D:1      | Reached skill level 4 in Ranged Weapons
    14 | D:1      | Reached XP level 2. HP: 19/22 MP: 2/2
   246 | D:1      | Reached XP level 3. HP: 27/27 MP: 3/3
   670 | D:1      | Reached skill level 5 in Ranged Weapons
   761 | D:2      | Reached XP level 4. HP: 33/33 MP: 4/4
   979 | D:2      | Found an ancient bone altar of Kikubaaqudgha.
  1639 | D:3      | Reached XP level 5. HP: 38/38 MP: 5/5
  1904 | D:3      | Found an opulent altar of Gozag.
  1904 | D:3      | Found a sparkling altar of Nemelex Xobeh.
  1916 | D:3      | Became a worshipper of Gozag Ym Sagoz the Greedy
  2158 | D:3      | Reached skill level 6 in Ranged Weapons
  2382 | D:4      | Found an iron altar of Okawaru.
  2422 | D:4      | Reached XP level 6. HP: 33/44 MP: 6/6
  2751 | D:4      | Found a shadowy altar of Dithmenos.
  2883 | D:4      | Reached skill level 7 in Ranged Weapons
  3035 | D:4      | Reached XP level 7. HP: 50/50 MP: 7/7
  3486 | D:5      | Entered Level 5 of the Dungeon
  3564 | D:4      | Reached skill level 8 in Ranged Weapons
  3912 | D:5      | Found a staircase to the Ecumenical Temple.
  4091 | D:5      | Reached XP level 8. HP: 56/56 MP: 8/8
  4101 | D:5      | Reached skill level 9 in Ranged Weapons
  4468 | D:6      | Noticed Eustachio
  4480 | D:6      | Killed Eustachio
  4481 | D:6      | Reached skill level 10 in Ranged Weapons
  4516 | D:6      | Noticed Blork the orc
  4522 | D:6      | Killed Blork the orc
  4795 | D:6      | Reached XP level 9. HP: 61/61 MP: 9/9
  4824 | D:6      | Reached skill level 11 in Ranged Weapons
  4846 | D:6      | Identified the +0 short sword of Locus Delicti {venom,
                  | *Slow rElec Will+ Dex+4}
  5110 | D:6      | Found a broken altar of Ashenzari.
  5115 | D:6      | Saw a vision of the Swamp and the Snake Pit.
  5115 | D:6      | Noticed a black mamba
  5115 | D:6      | Noticed an anaconda
  5115 | D:6      | Noticed a black mamba
  5115 | D:6      | Noticed a naga mage
  5115 | D:6      | Noticed an anaconda
  5116 | D:6      | Noticed a black mamba
  5117 | D:6      | Noticed a spriggan rider
  5117 | D:6      | Noticed a naga sharpshooter
  5118 | D:6      | Noticed a naga warrior
  5517 | D:7      | Found a runed translucent door.
  5522 | D:7      | Found a runed translucent gate.
  5524 | D:7      | Found a runed translucent gate.
  5524 | D:7      | Found a runed translucent gate.
  5540 | D:7      | Found a runed translucent door.
  5572 | D:7      | Slain by an orc warrior

Illustrated notes

Levels and vault maps discovered:
D:1:      minmay_arrival_shoal_huts, layout_basic
D:2:      layout_basic, basic_altar, small_statue_intersection
D:3:      layout_rooms, grunt_temple_overflow_opulence
D:4:      layout_loops_ring, grunt_dithmenos_smoke_and_mirrors,
          lemuel_tele_altar, kennysheep_big_empty_room, skrybe_limestone_x
D:5:      layout_basic, minmay_temple_entry_butterflies
D:6:      layout_loops_ring, grunt_ashenzari_visionary
          [grunt_ashenzari_visionary_swamp, grunt_ashenzari_visionary_snake],
          uniq_blork_the_orc, uniq_eustachio
D:7:      layout_loops_cross, amcnicky_altar_gilded,
          lemuel_coloured_pillars_altar, minmay_guarded_unrand_staff_of_olgreb,
          uniq_joseph

Skill      XL: |  1  2  3  4  5  6  7  8  9 |
---------------+----------------------------+-----
Ranged Weapons | 4 5 6 7 8 10 11 | 11.6
Fighting       | |  2.0
Dodging        | |  1.7
Stealth        | |  0.7

Action                     |  1- 3 |  4- 6 |  7- 9 || total
---------------------------+-------+-------+-------++-------
   Fire: Shortbow          |    82 |    76 |       ||   158
         Sling             |       |   268 |   526 ||   794
    Use: Scroll            |       |     5 |     4 ||     9
         Potion            |       |       |     3 ||     3
 Armour: Leather armour    |    18 |    57 |    75 ||   150
  Dodge: Dodged            |    20 |    47 |    47 ||   114

Table legend: (Time is in decaauts)
 A = Elapsed time spent in this place.
 B = Non-inter-level travel time spent in this place.
 C = Inter-level travel time spent in this place.
 D = Time resting spent in this place.
 E = Time spent auto-exploring this place.
 F = Levels seen in this place.
 G = Mean time per level.
                   A        B        C        D        E       F      G
               +--------+--------+--------+--------+--------+-----+--------+
         Total |   5856 |   5629 |    227 |    905 |   3642 |   7 |  836.6 |
       Dungeon |   5856 |   5629 |    227 |    905 |   3642 |   7 |  836.6 |
               +--------+--------+--------+--------+--------+-----+--------+

Top non-repeatable levels by time:
     D:4: 1247 daAuts
     D:6: 1211 daAuts
     D:3: 928 daAuts
     D:2: 822 daAuts
     D:1: 783 daAuts
     D:5: 729 daAuts
     D:7: 133 daAuts
